 Dungeon Crawl Stone Soup version 0.20.1-1-g8b1a95d (webtiles) character file.

113652 equalderp2856 the Peltast (level 16, -4/147 HPs)
             Began as a Minotaur Fighter on Sept 7, 2017.
             Killed by divine providence
             ... invoked by a meliai
              (14 damage)
             ... on level 15 of the Dungeon on Sept 8, 2017.
             The game lasted 01:26:21 (34274 turns).

equalderp2856 the Peltast (Minotaur Fighter)       Turns: 34274, Time: 01:26:23

Health: -4/147     AC: 25    Str: 23    XL:     16   Next: 14%
Magic:  15/15      EV: 10    Int:  9    God:
Gold:   2016       SH: 26    Dex: 14    Spells: 15/15 levels left

rFire    . . .     SeeInvis .   q - +4 war axe
rCold    + . .     Gourm    .   Y - +0 large shield (curse)
rNeg     . . .     Faith    .   J - +2 plate armour {rPois}
rPois    +         Spirit   .   o - +2 hat
rElec    .         Reflect  +   Q - +2 cloak {MR+}
rCorr    .         Harm     .   (no gloves)
MR       ++...                  K - +0 pair of boots
Stlth    ..........             C - +4 amulet of reflection
Regen    0.4/turn               b - ring of protection from cold
MPRegen  0.2/turn               A - +3 ring of dexterity

@: no status effects
A: retaliatory headbutt, horns 2
a: no special abilities


You were on level 15 of the Dungeon.
You were very hungry.

You visited 3 branches of the dungeon, and saw 23 of its levels.
You also visited: Sewer.

You collected 2016 gold pieces.

Inventory:

Hand Weapons
 q - a +4 war axe (weapon)
 D - a +0 trident
 H - a +0 broad axe
 T - a +3 battleaxe
 U - a +0 dagger
Armour
 c - a +0 shield
 e - a +1 plate armour
 o - a +2 hat (worn)
 p - a +0 cloak
 E - +0 steam dragon scales
 I - a scarf of cloud immunity
 J - a +2 plate armour of poison resistance (worn)
 K - a +0 pair of boots (worn)
 Q - a +2 cloak of magic resistance (worn)
 W - a +1 plate armour of cold resistance
 Y - a cursed +0 large shield (worn)
Jewellery
 b - a ring of protection from cold (left hand)
 A - a +3 ring of dexterity (right hand)
 B - an uncursed ring of positive energy
 C - a +4 amulet of reflection (around neck)
 L - an uncursed ring of wizardry
 O - an uncursed ring of magical power
 V - a +5 ring of dexterity
Wands
 a - a wand of random effects (23/48)
 m - a wand of acid (3/15)
 n - a wand of confusion (45/48)
 t - a wand of iceblast (11/15)
 P - a wand of polymorph (12/24)
 R - a wand of digging (13/24)
Scrolls
 h - 4 scrolls of remove curse
 j - 6 scrolls of fog
 k - 9 scrolls of teleportation
 l - 10 scrolls of identify
 y - a scroll of random uselessness
 z - a scroll of vulnerability
 N - 2 scrolls of blinking
Potions
 d - 2 potions of might
 g - a potion of ambrosia
 i - 4 potions of brilliance
 r - 3 potions of curing
 s - 2 potions of cancellation
 v - 2 potions of haste
 w - 4 potions of invisibility
 x - 3 potions of agility
 X - a potion of berserk rage
 Z - 2 potions of magic
Books
 F - a book of Minor Magic

   Spells                             Type                      Level
   a - Magic Dart                     Conjuration                  1
   b - Blink                          Translocation                2
   c - Call Imp                       Summoning                    2
   d - Slow                           Hexes                        2
   e - Conjure Flame                  Conjuration/Fire             3
   f - Mephitic Cloud                 Conjuration/Poison/Air       3
 G - the Volume of Necromancy and Moulding
   (You found it on level 5 of the Lair of Beasts)

   Spells                             Type                      Level
   a - Animate Skeleton               Necromancy                   1
   b - Sticks to Snakes               Transmutation                2
   c - Passwall                       Transmutation/Earth          2
   d - Regeneration                   Charms/Necromancy            3
   e - Control Undead                 Necromancy                   4
   f - Dragon Form                    Transmutation                7
Miscellaneous
 M - a fan of gales
Comestibles
 f - 16 bread rations
 u - 2 royal jellies
 S - 13 meat rations


   Skills:
 + Level 14.8 Fighting
 + Level 18.1(18.2) Axes
 + Level 3.6(12.7) Polearms
 + Level 13.7 Armour
 + Level 7.1 Dodging
 + Level 2.2 Stealth
 + Level 18.6 Shields
 + Level 0.1 Evocations


You had 15 spell levels left.
You didn't know any spells.

Dungeon Overview and Level Annotations

Branches:
Dungeon (15/15)            Temple (0/1) D:5            Lair (6/6) D:11
 Shoals (0/4) Lair:2        Snake (0/4) Lair:2        Slime (0/5) Lair:5
    Orc (2/2) D:12            Elf (0/3) Orc:2        Vaults (0/5) D:13
 Depths (0/5) D:15

Altars:
Dithmenos
Gozag
Qazlal
Ru
Zin
The Shining One
Beogh
Jiyva

Shops:
D:8 %%}   D:9 }   D:13 ?   Orc:2 [*%*

Portals:
Trove: D:10 (give 17 scrolls of teleportation)

Annotations:
D:15 exclusion: Roxanne, Roxanne


Innate Abilities, Weirdness & Mutations

You reflexively headbutt those who attack you in melee.
You have a pair of horns on your head.


Message History

You slash the meliai! You headbutt the meliai.
You kill the meliai!
You closely miss the meliai. You completely miss the meliai.
The meliai invokes the aid of its god against you.
Something smites you! You block the meliai's attack. x3
The meliai stings you but does no damage.
Unknown command.
You miss the meliai. Your headbutt misses the meliai.
The meliai is severely wounded.
You hit the meliai. You block the meliai's attack.
The meliai completely misses you.
The deep elf mage points at you and mumbles some strange words.
The bolt of lightning hits you!
* * * LOW HITPOINT WARNING * * *
The bolt of lightning hits you!
* * * LOW HITPOINT WARNING * * *
You block the meliai's attack. x2
The meliai invokes the aid of its god against you.
Something smites you!
You die...

..................... .... ..
.[..........................
..
.............................
.. ..?......§§e...........#
.. ...§.§≈.≈§≈§≈..........#
.......§≈#≈§...........#
≈§≈#.≈........#
.≈≈≈≈..)......#
..§§≈≈y@......#
>§§§#.)y#####.# ..≈≈§≈..# #.#
...≈≈≈≈.§≈§≈...# #.# #.. #
..≈.#§≈≈.§#.≈..# #.# #.. #
..§..≈≈.≈§.....# #.########..
##....≈..≈§.§....#
#...........
.#.........§§§...#
#....###+#..
##...............# #....# #..


You could see a deep elf mage and 2 meliai.

Vanquished Creatures
  Kirke (Lair:5)
  A fire giant (D:15)
  An orc warlord (D:14)
  The ghost of damerell the Convoker, a journeyman BaSu of Sif Muna (Orc:2)
  The ghost of Chisa the Basher, a journeyman HOFi of Beogh (Lair:5)
  Azrael (Orc:2)
  Snorg (Orc:2)
  The ghost of CrashTest the Nimble, a journeyman DgAE (Lair:2)
  The ghost of theAP the Geomancer, a journeyman GrEE of Vehumet (Lair:3)
  A fire dragon (Lair:6)
  Erolcha (D:9)
  4 vault guards (D:13)
  4 hydras
  4 centaur warriors
  An ogre mage (D:15)
  A catoblepas (D:14)
  Erica (D:8)
  11 two-headed ogres
  15 death yaks
  6 tengu warriors
  Sonja (Orc:2)
  A fire crab (Lair:6)
  3 unseen horrors
  10 orc knights
  3 deep elf magi
  5 orc sorcerers
  8 ugly things
  2 manticores (D:13)
  9 slime creatures
  7 black mambas
  3 cyclopes
  20 elephants
  Maurice (D:13)
  Joseph (D:7)
  2 molten gargoyles (Lair:6)
  3 gargoyles
  8 spiny frogs
  2 rime drakes
  14 komodo dragons
  8 trolls
  A merfolk (D:10)
  A tengu conjurer (D:14)
  2 hornets
  A wind drake (shapeshifter) (D:14)
  2 polar bears (Lair:4)
  A meliai (D:15)
  Grinder (D:4)
  12 blink frogs
  A blink frog (shapeshifter) (D:15)
  7 hippogriffs
  Sigmund (D:5)
  A shadow (D:15)
  6 water elementals (D:14)
  A redback (shapeshifter) (D:13)
  2 wraiths
  A human (shapeshifter) (D:12)
  24 yaks
  5 fire elementals (Orc:2)
  7 wyverns
  5 basilisks
  A vampire (D:14)
  3 hogs
  3 steam dragons
  5 wargs
  4 vampire mosquitoes
  Edmund (D:5)
  12 water moccasins
  An acid dragon (D:10)
  7 hell hounds
  A swamp drake (D:12)
  11 porcupines
  56 orc warriors
  3 sky beasts
  A hornet zombie (D:15)
  3 ice beasts
  Purgy (Sewer)
  3 phantoms
  A black bear (D:6)
  2 eyes of draining
  9 centaurs
  20 ogres
  17 crocodiles
  2 big kobolds
  A gnoll sergeant (D:7)
  19 bullfrogs
  2 water moccasin zombies
  3 scorpions
  22 killer bees
  14 wights
  A howler monkey (D:4)
  3 electric eels (D:14)
  5 lava snakes (Lair:6)
  2 bullfrog zombies
  9 crimson imps
  2 quasits
  4 jellies
  A gnoll shaman (D:10)
  A centaur skeleton (D:7)
  15 orc priests
  4 bullfrog skeletons
  7 hounds
  31 orc wizards
  6 iguanas
  16 worker ants
  A worker ant zombie (D:7)
  Robin (D:4)
  14 gnolls
  18 adders
  5 shadow imps
  2 oozes
  An adder skeleton (D:8)
  3 worms
  3 dart slugs
  2 leopard geckos
  116 orcs
  16 giant cockroaches
  14 goblins
  6 hobgoblins
  7 jackals
  6 quokkas
  A ball python (D:1)
  4 bats
  8 frilled lizards
  21 kobolds
  2 leopard gecko skeletons
  11 rats
  A fungus (Lair:6)
849 creatures vanquished.

Vanquished Creatures (others)
  Nessos (Lair:5)
  A centaur warrior (D:15)
  A cyclops (D:13)
  2 humans
  A water moccasin (Lair:3)
  An ogre (Orc:2)
  A centaur (D:15)
  An orc (D:12)
  7 fungi
  2 plants (Lair:6)
18 creatures vanquished.

Grand Total: 867 creatures vanquished

Notes
Turn   | Place    | Note
-------+----------+-------------------------------------------
     0 | D:1      | equalderp2856 the Minotaur Fighter began the quest for the Orb.
     0 | D:1      | Reached XP level 1. HP: 19/19 MP: 0/0
   146 | D:1      | Reached XP level 2. HP: 27/27 MP: 1/1
   423 | D:1      | Reached XP level 3. HP: 32/33 MP: 2/2
  1185 | D:2      | Reached XP level 4. HP: 40/40 MP: 3/3
  1910 | D:3      | Reached XP level 5. HP: 41/46 MP: 4/4
  1914 | D:3      | Reached skill level 1 in Dodging
  2430 | D:3      | Reached XP level 6. HP: 16/53 MP: 5/5
  2460 | D:3      | Reached skill level 5 in Axes
  2460 | D:3      | Reached skill level 5 in Shields
  2696 | D:4      | Reached skill level 5 in Armour
  2779 | D:4      | Found a shadowy altar of Dithmenos.
  2785 | D:4      | Reached skill level 5 in Fighting
  2919 | D:4      | Noticed Robin
  2932 | D:4      | Killed Robin
  2932 | D:4      | Reached XP level 7. HP: 57/61 MP: 6/6
  3376 | D:4      | Identified the Reference Book on Displaced Air
  3422 | D:5      | Entered Level 5 of the Dungeon
  3422 | D:5      | Noticed Grinder
  3439 | D:4      | Killed Grinder
  3439 | D:4      | Reached skill level 1 in Stealth
  3757 | D:5      | Found a staircase to the Ecumenical Temple.
  3809 | D:5      | Noticed Edmund
  3831 | D:5      | Reached XP level 8. HP: 47/69 MP: 7/7
  3858 | D:5      | Killed Edmund
  4116 | D:5      | Noticed Sigmund
  4124 | D:5      | Killed Sigmund
  4534 | D:6      | Found a glowing silver altar of Zin.
  5040 | D:6      | Found a glowing drain.
  5049 | Sewer    | Entered a sewer
  5201 | Sewer    | Noticed Purgy
  5209 | Sewer    | Killed Purgy
  5231 | Sewer    | Paralysed by fainting for 11 turns
  5335 | D:6      | Reached XP level 9. HP: 74/75 MP: 8/8
  6129 | D:7      | Reached skill level 10 in Axes
  6624 | D:7      | Noticed Joseph
  6639 | D:7      | Killed Joseph
  6995 | D:7      | Killed an unseen horror
  6995 | D:7      | Reached XP level 10. HP: 18/86 MP: 9/9
  7446 | D:8      | Found Cenu's Gadget Shop.
  7510 | D:8      | Reached skill level 5 in Dodging
  7561 | D:8      | Noticed Erica
  7569 | D:8      | Found Hiecon's Food Shoppe.
  7570 | D:8      | Noticed a two-headed ogre
  7648 | D:8      | Killed Erica
  7935 | D:8      | Found Vekerer's Food Shop.
  7981 | D:8      | Killed a two-headed ogre
  8139 | D:8      | Found a glowing golden altar of the Shining One.
  8139 | D:8      | Found a stormy altar of Qazlal.
  8139 | D:8      | Found a sacrificial altar of Ru.
  8401 | D:9      | Noticed a two-headed ogre
  8412 | D:9      | Killed a two-headed ogre
  8679 | D:9      | Reached XP level 11. HP: 85/95 MP: 10/10
  8723 | D:9      | Noticed Erolcha
  8737 | D:9      | Killed Erolcha
  8737 | D:9      | Reached skill level 10 in Shields
  9099 | D:9      | Found Kevu's Gadget Shop.
  9318 | D:10     | Entered Level 10 of the Dungeon
  9404 | D:10     | Found a portal to a secret trove of treasure.
  9667 | D:10     | Killed an unseen horror
 10544 | D:11     | Noticed a death yak
 10627 | D:11     | Paralysed by a hornet for 2 turns
 11649 | D:11     | Noticed a death yak
 11652 | D:11     | Noticed a death yak
 11654 | D:11     | Noticed a centaur warrior
 11687 | D:10     | Killed a centaur warrior
 11693 | D:10     | Killed a death yak
 11977 | D:10     | Killed a death yak
 12307 | D:10     | Killed a death yak
 12362 | D:11     | Reached skill level 10 in Armour
 12544 | D:11     | Found a staircase to the Lair.
 12617 | D:11     | Reached XP level 12. HP: 58/106 MP: 11/11
 13267 | D:11     | Noticed a two-headed ogre
 13278 | D:11     | Killed a two-headed ogre
 13493 | Lair:1   | Entered Level 1 of the Lair of Beasts
 13959 | Lair:1   | Reached skill level 10 in Fighting
 14627 | Lair:2   | Noticed a seven-headed hydra
 15179 | Lair:2   | Noticed CrashTest's ghost (journeyman DgAE)
 15710 | D:12     | Found a staircase to the Orcish Mines.
 15930 | D:12     | Found an opulent altar of Gozag.
 16051 | D:12     | Reached skill level 15 in Axes
 16385 | D:12     | Noticed a two-headed ogre
 16396 | D:12     | Killed a two-headed ogre
 17090 | D:12     | Noticed a two-headed ogre
 17095 | D:12     | Killed a two-headed ogre
 17279 | D:12     | Noticed a tengu warrior
 17294 | D:12     | Killed a tengu warrior
 17342 | D:12     | Reached XP level 13. HP: 84/116 MP: 12/12
 17410 | Lair:2   | Killed CrashTest's ghost
 17590 | Lair:2   | Found a staircase to the Shoals.
 17598 | Lair:2   | Found a staircase to the Snake Pit.
 17791 | Lair:2   | Found a stormy altar of Qazlal.
 18790 | Lair:3   | Noticed theAP's ghost (journeyman GrEE)
 18808 | Lair:3   | Killed theAP's ghost
 19006 | Lair:3   | Reached skill level 1 in Polearms
 21036 | Lair:5   | Found a staircase to the Slime Pits.
 21036 | Lair:5   | Found a viscous altar of Jiyva.
 21089 | Lair:5   | Identified the Volume of Necromancy and Moulding
 21092 | Lair:5   | Noticed Kirke
 21621 | Lair:3   | You fall through a shaft!
 21878 | Lair:5   | Reached XP level 14. HP: 68/126 MP: 13/13
 22033 | Lair:5   | Noticed Nessos
 22040 | Lair:5   | Killed Nessos
 22050 | Lair:5   | Noticed a sphinx
 22061 | Lair:5   | Paralysed by a sphinx for 2 turns
 22093 | Lair:5   | Noticed Chisa's ghost (journeyman HOFi)
 22761 | Lair:4   | Reached skill level 15 in Shields
 22780 | Lair:5   | Killed Chisa's ghost
 22883 | Lair:5   | Noticed a sphinx
 22884 | Lair:5   | Killed Kirke
 23277 | Lair:6   | Entered Level 6 of the Lair of Beasts
 24360 | Lair:6   | Found a large runed door.
 24360 | Lair:6   | Found a large runed door.
 26725 | Orc:1    | Entered Level 1 of the Orcish Mines
 27217 | Orc:2    | Entered Level 2 of the Orcish Mines
 27219 | Orc:2    | Noticed damerell's ghost (journeyman BaSu)
 27301 | Orc:2    | Killed damerell's ghost
 27856 | Orc:2    | Noticed Azrael
 27865 | Orc:2    | Killed Azrael
 28064 | Orc:2    | Noticed an orc warlord
 28092 | Orc:2    | Reached XP level 15. HP: 121/136 MP: 14/14
 28572 | Orc:2    | Found a staircase to the Elven Halls.
 28712 | Orc:2    | Found a roughly hewn altar of Beogh.
 28765 | Orc:2    | Found Unnounge's General Store.
 28765 | Orc:2    | Found Onidif's Armour Boutique.
 28824 | Orc:2    | Found a roughly hewn altar of Beogh.
 28838 | Orc:2    | Found Ygingul's General Store.
 28838 | Orc:2    | Found Muidgh's Food Boutique.
 28847 | Orc:2    | Noticed Sonja
 28863 | Orc:2    | Noticed Snorg
 29431 | Orc:2    | Killed Sonja
 29997 | Orc:2    | Killed Snorg
 30606 | D:13     | Noticed Maurice
 30641 | D:13     | Killed Maurice
 30974 | D:13     | Found a gate to the Vaults.
 31029 | D:13     | Found Qaotel's Magic Scroll Emporium.
 32347 | D:14     | Killed an orc warlord
 32971 | D:15     | Entered Level 15 of the Dungeon
 33584 | D:15     | Reached XP level 16. HP: 147/147 MP: 15/15
 33945 | D:15     | Noticed Roxanne
 34260 | D:15     | Found a staircase to the Depths.
 34274 | D:15     | Killed from afar by a meliai

Skill      XL: |  1  2  3  4  5  6  7  8  9 10 11 12 13 14 15 |
---------------+----------------------------------------------+-----
Fighting       | 4 5 6 7 8 9 11 12 13 14 | 14.8
Armour         | 4 5 6 8 9 10 11 12 13 | 13.7
Axes           | 3 4 5 7 9 11 12 14 15 16 17 18 | 18.1
Shields        | 4 5 6 7 8 9 11 12 14 16 18 | 18.6
Dodging        | 1 2 3 4 5 6 7 |  7.1
Stealth        | 1 2 |  2.2
Polearms       | 2 3 |  3.6
Evocations     | |  0.1

Action                   |  1- 3 |  4- 6 |  7- 9 | 10-12 | 13-15 | 16-18 || total
-------------------------+-------+-------+-------+-------+-------+-------++-------
Melee: War axe           |   100 |   141 |   384 |   782 |  1472 |    82 ||  2961
       Headbutt          |    17 |    25 |    85 |   183 |   460 |    23 ||   793
       Trident           |       |       |       |       |   113 |       ||   113
Evoke: Wand              |       |       |       |       |     1 |       ||     1
  Use: Potion            |       |       |     1 |     1 |     5 |       ||     7
       Scroll            |       |       |       |    12 |    21 |     1 ||    34
 Stab: Distracted        |       |       |       |       |       |     1 ||     1
  Eat: Chunk             |       |     6 |    13 |    22 |    31 |     3 ||    75
       Fruit             |       |       |     1 |     2 |    15 |       ||    18
       Royal jelly       |       |       |       |     4 |     2 |       ||     6
       Meat ration       |       |       |       |       |     1 |       ||     1
Armor: Scale mail        |    50 |    59 |   139 |   121 |       |       ||   369
       Plate armour      |       |       |       |    77 |   476 |    21 ||   574
       Chain mail        |       |       |       |    16 |       |       ||    16
Dodge: Dodged            |    26 |    52 |   116 |   236 |   300 |    12 ||   742
Block: Shield            |    48 |    91 |   209 |   553 |    59 |       ||   960
       Reflection        |       |       |       |     8 |    67 |     9 ||    84
       Large shield      |       |       |       |       |  1868 |    81 ||  1949
